 Dungeon Crawl Stone Soup version 0.19-a0-926-g4486784 (webtiles) character file.

17 Implojin the Chopper (level 2, -1/26 HPs)
             Began as a Minotaur Fighter on July 7, 2016.
             Slain by a crocodile (13 damage)
             ... in a sewer.
             The game lasted 00:01:02 (172 turns).

Implojin the Chopper (Minotaur Fighter)              Turns: 172, Time: 00:01:03

Health: -1/26      AC:  6    Str: 25    XL:     2   Next: 44%
Magic:  1/1        EV:  7    Int:  5    God:
Gold:   0          SH:  9    Dex:  9    Spells: 0 memorised, 1 level left

rFire  . . .     SeeInvis .     a - +0 war axe
rCold  . . .     Gourm    .     b - +0 scale mail
rNeg   . . .     Faith    .     c - +0 shield
rPois  .         Spirit   .     (helmet restricted)
rElec  .         Dismiss  .     (no cloak)
rCorr  .         Reflect  .     (no gloves)
SustAt .         Harm     .     (no boots)
MR     .....                    (no amulet)
Stlth  ..........               (no ring)
                                (no ring)

@: mighty, not resistant to hostile enchantments, extremely unstealthy
A: retaliatory headbutt, horns 2
a: no special abilities


You were in a sewer.
You were not hungry.

You visited 1 branch of the dungeon, and saw 3 of its levels.
You also visited: Sewer.

Inventory:

Hand Weapons
 a - a +0 war axe (weapon)
 i - a +0 blowgun
Missiles
 j - 15 poisoned needles
Armour
 b - a +0 scale mail (worn)
 c - a +0 shield (worn)
 e - a cursed -1 cloak
Scrolls
 g - a scroll of fog {unknown}
Potions
 h - a potion of cancellation {unknown}
Comestibles
 f - a bread ration


   Skills:
 - Level 3.6 Fighting
 * Level 3.8 Axes
 - Level 3.6 Armour
 - Level 3.6 Shields


You had one spell level left.
You didn't know any spells.

Dungeon Overview and Level Annotations

Branches:
Dungeon (3/15)

Altars:


Innate Abilities, Weirdness & Mutations

You reflexively headbutt those who attack you in melee.
You have a pair of horns on your head.


Message History

The bat closely misses you.
Unknown command.
Why would you want to do that?
Unknown command.
You barely miss the bat. Your headbutt misses the bat.
The bat is severely wounded.
The bat hits you but does no damage. x2; The bat barely misses you.
You furiously retaliate!
You headbutt the bat.
You kill the bat!
Unknown command.
Your shield and scale mail prevent you from hitting the bat.
You headbutt the bat, but do no damage.
The bat is severely wounded.
The bat hits you but does no damage. You block the bat's attack.
Unknown command.
You barely miss the bat.
The bat is severely wounded.
The bat hits you but does no damage. x2
You block the bat's attack. x2
The bat hits you but does no damage. The bat barely misses you.
You furiously retaliate!
You headbutt the bat.
You kill the bat!
The bat barely misses you. The bat closely misses you.
The bat hits you but does no damage. The bat hits you but does no damage.
You block the bat's attack. The bat barely misses you.
You block the bat's attack. The bat hits you.
* * * LOW HITPOINT WARNING * * *
You block the bat's attack.
You slash the bat!
You kill the bat!
Unknown command.
Okay, then.
A crocodile comes into view.
You feel very mighty all of a sudden.
You closely miss the crocodile. The crocodile bites you!
Ouch! That really hurt!
You die...

. ...
.....############
......t@.........
.....####.#######
... #.# . #.# #.#
#†# #.# ##.##
##...##


You could see a crocodile.

Vanquished Creatures
  2 giant geckos
  6 bats
  2 giant cockroaches (D:3)
  A quokka (D:2)
  A kobold (D:3)
  A rat (D:2)
13 creatures vanquished.

Notes
Turn   | Place    | Note
-------+----------+-------------------------------------------
     0 | D:1      | Implojin the Minotaur Fighter began the quest for the Orb.
     0 | D:1      | Reached XP level 1. HP: 19/19 MP: 0/0
    94 | D:3      | Reached skill level 3 in Axes
   127 | D:3      | Reached XP level 2. HP: 13/26 MP: 1/1
   138 | D:3      | Found a glowing drain.
   142 | Sewer    | Entered a sewer
   167 | Sewer    | Noticed a crocodile
   172 | Sewer    | Slain by a crocodile

Vault maps used:
D:1:      tarquinn_simple_flora_water_d
D:2:      uniq_sigmund
D:3:      zin_statuary, old_standard_altar, gammafunk_temple_overflow_statue,
          gup_sewer_entry_bowl, first_bread, st_stairs_2, kennysheep_flooded_box
Sewer:    sewer_big_baddie

Skill      XL: |  1 |
---------------+----+-----
Axes           | 3 |  3.8
Fighting       | |  3.6
Armour         | |  3.6
Shields        | |  3.6

Action                   || total
-------------------------++-------
Melee: War axe           ||    32
       Headbutt          ||     7
  Use: Potion            ||     1
Armor: Scale mail        ||    29
Dodge: Dodged            ||    27
Block: Shield            ||    30

Table legend:
 A = Turns spent in this place as a percentage of turns spent in the entire game.
 B = Non-inter-level travel turns spent in this place as a percentage of non-inter-level travel turns spent in the entire game.
 C = Inter-level travel turns spent in this place as a percentage of turns spent in this place.
 D = Turns resting spent in this place as a percentage of non-inter-level travel turns spent in this place.
 E = Turns spent auto-exploring this place as a percentage of non-inter-level travel turns spent in this place.
 F = Non-inter-level travel turns spent in this place divided by the number of levels of this place that you've seen.
                   A       B       C       D       E      F
               +-------+-------+-------+-------+-------+----------------------
         Total | 100.0 | 100.0 |   0.0 |   0.0 |   0.0 |  45.0
       Dungeon |  77.8 |  77.8 |   0.0 |   0.0 |   0.0 |  46.7
         Sewer |  22.2 |  22.2 |   0.0 |   0.0 |   0.0 |  40.0
               +-------+-------+-------+-------+-------+----------------------

Table legend:
 A = Kills in this place as a percentage of kills in entire the game.
 B = Kills by you in this place as a percentage of kills by you in the entire game.
 C = Kills by friends in this place as a percentage of kills by friends in the entire game.
 D = Other kills in this place as a percentage of other kills in the entire game.
 E = Experience gained in this place as a percentage of experience gained in the entire game.
 F = Experience gained in this place divided by the number of levels of this place that you have seen.
                   A       B       C       D       E      F
               +-------+-------+-------+-------+-------+----------------------
         Total | 100.0 | 100.0 |  -nan |  -nan | 100.0 |   6.2
       Dungeon |  61.5 |  61.5 |  -nan |  -nan |  64.0 |   5.3
         Sewer |  38.5 |  38.5 |  -nan |  -nan |  36.0 |   9.0
               +-------+-------+-------+-------+-------+----------------------
